NCAA
VANDERBILT COMMODORES @ XAVIER MUSKETEERS
05/19/2027
 
TOP OF THE 1ST
Vanderbilt Commodores batting - Pitching for Xavier Musketeers : RHP Ricardo Marino
Pitching: RHP Ricardo Marino
Batting: LHB Gerald Murphy 0-0: Ball
1-0: Ball
2-0: SINGLE (Groundball, 56) (infield hit)
Batting: RHB Denis Miller 0-0: Ball
1-0: Ball
2-0: Called Strike
2-1: Foul Ball, location: 2F
2-2: Foul Ball, location: 2F
2-2: Foul Ball, location: 2F
2-2: Strikes out swinging
Batting: SHB Ed Nelson 0-0: Ball
1-0: Ball
2-0: Called Strike
2-1: Swinging Strike
2-2: Foul Ball, location: 2F
2-2: Fly out, F7 (Flyball, 7)
Batting: LHB Shannon Hunter 0-0: Ball
1-0: Swinging Strike
1-1: Called Strike
1-2: Ball
Gerald Murphy steals 2nd base
2-2: Ball
3-2: SINGLE (Groundball, 34D)
Gerald Murphy to third
Gerald Murphy scores
Batting: RHB Dan Castaneda 0-0: Ball
1-0: Swinging Strike
1-1: Ball
2-1: Ball
3-1: Base on Balls
Shannon Hunter to second
Batting: RHB Timothy Foster 0-0: Ball
1-0: Ball
2-0: Ball
3-0: Base on Balls
Shannon Hunter to third
Dan Castaneda to second
Batting: RHB Todd Weeks 0-0: Swinging Strike
0-1: Ground out 5-3 (Groundball, 56S)
Top of the 1st over - 1 run(s), 2 hit(s), 0 error(s), 3 left on base; Vanderbilt 1 - Xavier 0
BOTTOM OF THE 1ST
Xavier Musketeers batting - Pitching for Vanderbilt Commodores : RHP Corey Goguen
Pitching: RHP Corey Goguen
Batting: RHB Art Cornell 0-0: Called Strike
0-1: Ball
1-1: Ball
2-1: Ball
3-1: Base on Balls
Batting: RHB Florentino López 0-0: Ball
1-0: Called Strike
1-1: Ball
2-1: Foul Ball, location: 2F
2-2: Foul Ball, location: 2F
2-2: Strikes out swinging
Batting: RHB Jeff Lawrence 0-0: Ball
1-0: SINGLE (Line Drive, 89S)
Art Cornell to second
Batting: LHB Luis Martínez 0-0: Called Strike
0-1: Ball
1-1: Called Strike
1-2: Ball
2-2: Foul Ball, location: 2F
2-2: Foul Ball, location: 2F
2-2: Foul Ball, location: 2F
2-2: Strikes out looking
Batting: RHB Clifton Powers 0-0: Foul Ball, location: 2F
0-1: Ball
1-1: Called Strike
1-2: Ball
2-2: Strikes out swinging
Bottom of the 1st over - 0 run(s), 1 hit(s), 0 error(s), 2 left on base; Vanderbilt 1 - Xavier 0
TOP OF THE 2ND
Vanderbilt Commodores batting - Pitching for Xavier Musketeers : RHP Ricardo Marino
Batting: LHB Doyle Price 0-0: Ball
1-0: Ball
2-0: Ball
3-0: Base on Balls
Batting: RHB Jon Downs 0-0: Ball
1-0: Called Strike
1-1: Fly out, F1 (Line Drive, 13)
Batting: LHB Gerald Murphy 0-0: Ball
1-0: Ball
2-0: Called Strike
2-1: Called Strike
2-2: Foul Ball, location: 2F
2-2: Ball
3-2: Base on Balls
Doyle Price to second
Batting: RHB Denis Miller 0-0: Ball
Throwing error on steal attempt, E2
Doyle Price scores
Gerald Murphy to third
1-0: Called Strike
1-1: Ball
2-1: Called Strike
2-2: Ball
3-2: Fly out, F9 (Flyball, 9LS)
Batting: SHB Ed Nelson 0-0: Ball
1-0: Ground out 1-3 (Groundball, 15)
Top of the 2nd over - 1 run(s), 0 hit(s), 1 error(s), 1 left on base; Vanderbilt 2 - Xavier 0
BOTTOM OF THE 2ND
Xavier Musketeers batting - Pitching for Vanderbilt Commodores : RHP Corey Goguen
Batting: RHB Les Rupp 0-0: Called Strike
0-1: Foul Ball, location: 2F
0-2: Ball
1-2: Strikes out swinging
Batting: LHB Bobby Meegan 0-0: Ball
1-0: Ball
2-0: Ball
3-0: Base on Balls
Batting: RHB Bobby Doyle 0-0: Ball
1-0: Ball
2-0: Called Strike
2-1: Ball
3-1: Base on Balls
Bobby Meegan to second
Batting: LHB Pancho Robles 0-0: Swinging Strike
0-1: Grounds into double play, 6-4-3 (Groundball, 6)
Bottom of the 2nd over - 0 run(s), 0 hit(s), 0 error(s), 1 left on base; Vanderbilt 2 - Xavier 0
TOP OF THE 3RD
Vanderbilt Commodores batting - Pitching for Xavier Musketeers : RHP Ricardo Marino
Batting: LHB Shannon Hunter 0-0: Ball
1-0: Ball
2-0: Called Strike
2-1: Ball
3-1: Called Strike
3-2: Foul Ball, location: 2F
3-2: Base on Balls
Batting: RHB Dan Castaneda 0-0: Called Strike
0-1: Ball
1-1: Fly out, F9 (Flyball, 9S)
Batting: RHB Timothy Foster 0-0: Ball
1-0: Ball
2-0: Foul Ball, location: 2F
2-1: Ball
3-1: Swinging Strike
3-2: Strikes out swinging
Batting: RHB Todd Weeks 0-0: Foul Ball, location: 2F
0-1: Ball
1-1: Swinging Strike
1-2: Ball
2-2: Ball
3-2: Foul Ball, location: 2F
3-2: Base on Balls
Shannon Hunter to second
Batting: LHB Doyle Price 0-0: Ball
1-0: SINGLE (Line Drive, 9LS)
Shannon Hunter to third
Todd Weeks to second
Runner from 3rd tries for Home, SAFE, throw made at trailing runner, SAFE at third!
Pitching: RHP Frank Phillips
Batting: RHB Jon Downs 0-0: Called Strike
0-1: Fly out, F9 (Flyball, 9LS)
Top of the 3rd over - 1 run(s), 1 hit(s), 0 error(s), 2 left on base; Vanderbilt 3 - Xavier 0
BOTTOM OF THE 3RD
Xavier Musketeers batting - Pitching for Vanderbilt Commodores : RHP Corey Goguen
Batting: RHB Art Cornell 0-0: SINGLE (Line Drive, 8LS)
Batting: RHB Florentino López 0-0: Called Strike
0-1: Swinging Strike
0-2: Foul Ball, location: 2F
0-2: Grounds into double play, 6-4-3 (Groundball, 6)
Batting: RHB Jeff Lawrence 0-0: Called Strike
0-1: Swinging Strike
0-2: Fly out, F8 (Flyball, 8LS)
Bottom of the 3rd over - 0 run(s), 1 hit(s), 0 error(s), 0 left on base; Vanderbilt 3 - Xavier 0
TOP OF THE 4TH
Vanderbilt Commodores batting - Pitching for Xavier Musketeers : RHP Frank Phillips
Batting: LHB Gerald Murphy 0-0: Ball
1-0: Called Strike
1-1: Ball
2-1: Ball
3-1: Ground out 6-3 (Groundball, 6M)
Batting: RHB Denis Miller 0-0: Ball
1-0: Called Strike
1-1: Called Strike
1-2: Ground out 5-3 (Groundball, 5L)
Batting: SHB Ed Nelson 0-0: Called Strike
0-1: Foul Ball, location: 2F
0-2: Ball
1-2: SINGLE (Groundball, 6D)
Batting: LHB Shannon Hunter 0-0: Ball
1-0: Foul Ball, location: 2F
1-1: Ball
2-1: Ball
3-1: Base on Balls
Ed Nelson to second
Batting: RHB Dan Castaneda 0-0: Ball
1-0: Ball
2-0: Swinging Strike
2-1: Foul Ball, location: 2F
2-2: Ball
3-2: Fly out, F5 (Line Drive, 5)
Top of the 4th over - 0 run(s), 1 hit(s), 0 error(s), 2 left on base; Vanderbilt 3 - Xavier 0
BOTTOM OF THE 4TH
Xavier Musketeers batting - Pitching for Vanderbilt Commodores : RHP Corey Goguen
Batting: LHB Luis Martínez 0-0: Ball
1-0: Swinging Strike
1-1: Called Strike
1-2: Ball
2-2: Ground out U3 (Groundball, 3L)
Batting: RHB Clifton Powers 0-0: Called Strike
0-1: Foul Ball, location: 2F
0-2: Ball
1-2: Ground out 5-3 (Groundball, 56S)
Batting: RHB Les Rupp 0-0: Ball
1-0: Ball
2-0: Ball
3-0: Called Strike
3-1: Base on Balls
Batting: LHB Bobby Meegan 0-0: Called Strike
Les Rupp steals 2nd base
0-1: Ball
1-1: Foul Ball, location: 2F
1-2: Ball
2-2: Ball
3-2: SINGLE (Line Drive, 89S)
Les Rupp to third
Les Rupp scores
Batting: RHB Bobby Doyle 0-0: Fly out, F6 (Line Drive, 6M)
Bottom of the 4th over - 1 run(s), 1 hit(s), 0 error(s), 1 left on base; Vanderbilt 3 - Xavier 1
TOP OF THE 5TH
Vanderbilt Commodores batting - Pitching for Xavier Musketeers : RHP Frank Phillips
Batting: RHB Timothy Foster 0-0: Ball
1-0: Called Strike
1-1: Called Strike
1-2: Ball
2-2: Foul Ball, location: 2F
2-2: Strikes out swinging
Batting: RHB Todd Weeks 0-0: Ground out 6-3 (Groundball, 6)
Batting: LHB Doyle Price 0-0: Ball
1-0: Ball
2-0: Ball
3-0: Base on Balls
Batting: RHB Jon Downs 0-0: Called Strike
0-1: Ball
1-1: Ball
2-1: Ball
3-1: Fly out, F8 (Flyball, 8RS)
Top of the 5th over - 0 run(s), 0 hit(s), 0 error(s), 1 left on base; Vanderbilt 3 - Xavier 1
BOTTOM OF THE 5TH
Xavier Musketeers batting - Pitching for Vanderbilt Commodores : RHP Corey Goguen
Batting: LHB Pancho Robles 0-0: Foul Ball, location: 2F
0-1: Swinging Strike
0-2: Strikes out swinging
Batting: RHB Art Cornell 0-0: Swinging Strike
0-1: Foul Ball, location: 2F
0-2: SINGLE (Groundball, 6MD)
Batting: RHB Florentino López Pickoff Throw to First - Error! E1
Art Cornell to second
0-0: Called Strike
Art Cornell steals 3rd base
0-1: Swinging Strike
0-2: Ball
1-2: Ball
2-2: Ball
3-2: Ground out 6-3 (Groundball, 6)
Art Cornell scores
Batting: RHB Jeff Lawrence 0-0: Ball
1-0: Ground out 3-1 (Groundball, 34)
Bottom of the 5th over - 1 run(s), 1 hit(s), 1 error(s), 0 left on base; Vanderbilt 3 - Xavier 2
TOP OF THE 6TH
Vanderbilt Commodores batting - Pitching for Xavier Musketeers : RHP Frank Phillips
Batting: LHB Gerald Murphy 0-0: Swinging Strike
0-1: Called Strike
0-2: Strikes out swinging
Batting: RHB Denis Miller 0-0: Ball
1-0: Called Strike
1-1: Foul Ball, location: 2F
1-2: Ball
2-2: Strikes out swinging
Pitching: RHP Guy Scott
Batting: SHB Ed Nelson 0-0: Called Strike
0-1: Swinging Strike
0-2: Ground out 4-3 (Groundball, 4)
Top of the 6th over - 0 run(s), 0 hit(s), 0 error(s), 0 left on base; Vanderbilt 3 - Xavier 2
BOTTOM OF THE 6TH
Xavier Musketeers batting - Pitching for Vanderbilt Commodores : RHP Corey Goguen
Pitching: RHP Adrián Rodríguez
Batting: LHB Luis Martínez 0-0: Called Strike
0-1: Ball
1-1: Ball
2-1: Foul Ball, location: 2F
2-2: Strikes out looking
Batting: RHB Clifton Powers 0-0: Swinging Strike
0-1: Foul Ball, location: 2F
0-2: Foul Ball, location: 2F
0-2: Foul Ball, location: 2F
0-2: Ball
1-2: Ball
2-2: Foul Ball, location: 2F
2-2: Ball
3-2: Fly out, F7 (Flyball, 7LMF)
Batting: RHB Les Rupp 0-0: Ball
1-0: SINGLE (Groundball, 6MD)
Batting: LHB Bobby Meegan 0-0: Called Strike
0-1: SINGLE (Line Drive, 8LS)
Les Rupp to second
Batting: RHB Bobby Doyle 0-0: Ball
1-0: Ball
2-0: Foul Ball, location: 2F
2-1: Foul Ball, location: 2F
2-2: Foul Ball, location: 2F
2-2: Strikes out swinging
Bottom of the 6th over - 0 run(s), 2 hit(s), 0 error(s), 2 left on base; Vanderbilt 3 - Xavier 2
TOP OF THE 7TH
Vanderbilt Commodores batting - Pitching for Xavier Musketeers : RHP Guy Scott
Batting: LHB Shannon Hunter 0-0: Swinging Strike
0-1: SOLO HOME RUN (Flyball, 9D), Distance : 372 ft
Batting: RHB Dan Castaneda 0-0: Ball
1-0: Ball
2-0: Ground out 4-3 (Groundball, 4)
Batting: RHB Timothy Foster 0-0: Called Strike
0-1: Ball
1-1: Ball
2-1: Swinging Strike
2-2: Foul Ball, location: 2F
2-2: Ball
3-2: Foul Ball, location: 2F
3-2: Foul Ball, location: 2F
3-2: Base on Balls
Batting: RHB Todd Weeks 0-0: Ball
1-0: Called Strike
1-1: Called Strike
1-2: Strikes out looking
Batting: LHB Doyle Price 0-0: Ball
1-0: Ball
2-0: Called Strike
2-1: Foul Ball, location: 2F
2-2: Ball
3-2: Strikes out looking
Top of the 7th over - 1 run(s), 1 hit(s), 0 error(s), 1 left on base; Vanderbilt 4 - Xavier 2
BOTTOM OF THE 7TH
Xavier Musketeers batting - Pitching for Vanderbilt Commodores : RHP Adrián Rodríguez
Batting: LHB Pancho Robles 0-0: Ball
1-0: Ball
2-0: Ball
3-0: Called Strike
3-1: Base on Balls
Pitching: LHP Luis Murillo
Batting: RHB Art Cornell 0-0: Swinging Strike
0-1: Ball
1-1: Ball
2-1: Foul Ball, location: 2F
2-2: Ball
Pancho Robles is caught stealing 2nd base
3-2: Strikes out swinging
Batting: RHB Florentino López 0-0: Called Strike
0-1: Ball
1-1: Fly out, F8 (Flyball, 8LM)
Bottom of the 7th over - 0 run(s), 0 hit(s), 0 error(s), 0 left on base; Vanderbilt 4 - Xavier 2
TOP OF THE 8TH
Vanderbilt Commodores batting - Pitching for Xavier Musketeers : RHP Guy Scott
Batting: RHB Jon Downs 0-0: Ball
1-0: Ball
2-0: Foul Ball, location: 2F
2-1: Foul Ball, location: 2F
2-2: Foul Ball, location: 2F
2-2: Ball
3-2: Base on Balls
Batting: LHB Gerald Murphy 0-0: Bunted foul
0-1: Sac Bunt - play at first, batter OUT! 1-4
Jon Downs to second
Batting: RHB Denis Miller 0-0: Intentional Walk
Pitching: RHP Jesse Reynolds
Batting: SHB Ed Nelson 0-0: Called Strike
0-1: Ball
1-1: SINGLE (Line Drive, 34D)
Jon Downs to third
Denis Miller to second
Batting: LHB Shannon Hunter 0-0: Ball
1-0: Swinging Strike
1-1: Ball
2-1: Swinging Strike
2-2: Ball
3-2: GRAND SLAM HOME RUN (Flyball, 9D), Distance : 378 ft
Batting: RHB Dan Castaneda 0-0: Called Strike
0-1: Foul Ball, location: 2F
0-2: Ball
1-2: Strikes out swinging
Batting: RHB Timothy Foster 0-0: Ball
1-0: Reached on error, E5 (Popup, 5S)
Batting: RHB Todd Weeks 0-0: Fielders Choice at 2nd, U4 (Groundball, 4M)
Top of the 8th over - 4 run(s), 2 hit(s), 1 error(s), 1 left on base; Vanderbilt 8 - Xavier 2
BOTTOM OF THE 8TH
Xavier Musketeers batting - Pitching for Vanderbilt Commodores : LHP Luis Murillo
Batting: RHB Jeff Lawrence 0-0: Foul Ball, location: 2F
0-1: Ground out 3-1 (Groundball, 34)
Batting: LHB Luis Martínez 0-0: Called Strike
0-1: SINGLE (Groundball, 34) (infield hit)
Batting: RHB Clifton Powers 0-0: Called Strike
0-1: Fly out, F4 (Popup, 4)
Batting: RHB Les Rupp 0-0: Ball
1-0: Called Strike
1-1: Fielders Choice at 2nd, 6-4 (Groundball, 6)
Bottom of the 8th over - 0 run(s), 1 hit(s), 0 error(s), 0 left on base; Vanderbilt 8 - Xavier 2
TOP OF THE 9TH
Vanderbilt Commodores batting - Pitching for Xavier Musketeers : RHP Jesse Reynolds
Batting: LHB Doyle Price 0-0: Called Strike
0-1: Foul Ball, location: 2F
0-2: Foul Ball, location: 2F
0-2: Ball
1-2: Ball
2-2: Ball
3-2: Base on Balls
Batting: RHB Jon Downs 0-0: Ball
1-0: Swinging Strike
1-1: Ball
2-1: Fly out, F7 (Flyball, 7)
Batting: LHB Gerald Murphy 0-0: Ball
1-0: Ball
2-0: Swinging Strike
2-1: Fielders Choice at 2nd, 1-4 (Groundball, 15S)
Batting: RHB Denis Miller 0-0: Ball
1-0: Called Strike
1-1: Called Strike
1-2: Foul Ball, location: 2F
1-2: Ball
2-2: Ball
3-2: Strikes out swinging
Top of the 9th over - 0 run(s), 0 hit(s), 0 error(s), 1 left on base; Vanderbilt 8 - Xavier 2
BOTTOM OF THE 9TH
Xavier Musketeers batting - Pitching for Vanderbilt Commodores : LHP Luis Murillo
Now at C: Russ Sanderson
Now in LF: Fred Noble
Batting: LHB Bobby Meegan 0-0: Ball
1-0: Fly out, F8 (Line Drive, 8RM)
Batting: RHB Bobby Doyle 0-0: Foul Ball, location: 2F
0-1: Ball
1-1: Foul Ball, location: 2F
1-2: Ball
2-2: Foul Ball, location: 2F
2-2: Strikes out swinging
Batting: LHB Pancho Robles 0-0: Ball
1-0: Called Strike
1-1: Foul Ball, location: 2F
1-2: Foul Ball, location: 2F
1-2: Ball
2-2: Strikes out swinging
Bottom of the 9th over - 0 run(s), 0 hit(s), 0 error(s), 0 left on base; Vanderbilt 8 - Xavier 2
Thursday, March 30th, 2017 - OOTP Baseball 17.12 Build 75